Unix NetHack Version 5.0.0-0 post-release - last build Jul 19 2026 19:10:59 (3aa4ab31751d3886436d94b585a96704892fd477,branch:main).

Game began 2026-07-22 13:04:20, ended 2026-07-22 14:23:34.

Eymerich, chaotic male elven Priest

       ------------
       |..........|                       -------------
       |........>..                       |............###
      #-..........|                      #............|
      #|..........|                      #|...........|
      #-------.----#           ####      #----------.--
      ###     ################%#--.--  ###          ####
        ##         #          ##.....###               f
         #        ##          # |.{.|                  d
         #      ###         ### |...|                 -@-
         #      #           #   -----                .ra..
         (      #------     #                      .........
         #      #|....|######                     |...---....
    -----#      #-...<|#                          |...   ...|
    |.=.-(       |.....#                          |..     ..|
    |..)|        ------                           |..     ..|
    |.=.|                                         +.       .|
    |=..|                                         --       --
    -----

Eymerich the Adept           St:11 Dx:13 Co:16 In:9 Wi:19 Ch:9  Chaotic
Dlvl:5  $:888 HP:0(46) Pw:73(73) AC:6  Xp:6 T:6325  Hungry   Burdened

Latest messages:
 You hear some noises in the distance.
 The kitten bites!
 The kitten bites!
 What do you want to throw? [$gABKS-VZ or ?*]
 In what direction?
 The kitten seems more amiable.
 Your kitten devours a cursed tripe ration.
 You hear some noises.
 You swap places with your kitten.
 You see here a wererat corpse.
 You swap places with Pinky.
 You hear water falling on coins.
 You swap places with your kitten.
 #
 (For instructions type a '?')
 You swap places with Puffa.
 You swap places with Puffa.
 You stop.  Pinky is in the way!
 You swap places with Pinky.
 You stop.  Puffa is in the way!
 You swap places with Puffa.
 You swap places with Puffa.
 You swap places with Puffa.
 You are beginning to feel hungry.
 You swap places with Puffa.
 You swap places with Puffa.
 You swap places with Puffa.
 You swap places with Puffa.
 You swap places with Pinky.
 You hear bubbling water.
 You find a hidden door.
 The door opens.
 The giant ant bites!
 The rabid rat bites!
 The giant ant bites!
 You miss the rabid rat.
 The giant ant bites!
 The rabid rat bites!
 You miss the rabid rat.
 The giant ant bites!
 The rabid rat bites!
 The giant ant bites!
 You miss the rabid rat.
 The giant ant bites!
 The rabid rat misses!
 The giant ant bites!
 The giant ant bites!
 The rabid rat bites!
 You die...
 Do you want your possessions identified? [ynq] (y)

Inventory:
 Coins    ('$')
  $ - 888 gold pieces
 Amulets  ('"')
  C - an amulet of reflection
 Weapons  (')')
  B - 8 cursed poisoned +0 orcish arrows
  K - a blessed +1 orcish bow
  S - a blessed +5 dart named high
  Z - 5 +1 darts named high (at the ready)
  T - 76 +0 darts named standard
  U - 2 poisoned +0 darts named standard
  A - a +0 dagger
  g - a +0 orcish dagger
  a - a blessed +1 mace (weapon in left hand)
  V - a cursed -2 orcish short sword
 Armor    ('[')
  w - a blessed +1 dwarvish iron helm
  J - a blessed +2 pair of iron shoes (being worn)
  R - a +0 dwarvish cloak (being worn)
  b - a blessed +0 robe
 Comestibles  ('%')
  N - 2 apples
  e - a clove of garlic
  x - a food ration
  P - a food ration
  O - a lembas wafer
  Q - an orange
  f - a sprig of wolfsbane
  u - a tripe ration
  j - a lichen corpse
 Scrolls  ('?')
  l - 2 scrolls of earth
  F - a scroll of enchant weapon
  E - 2 scrolls of teleportation
 Spellbooks  ('+')
  c - a spellbook of charm monster
 Potions  ('!')
  D - a potion of acid
  W - a potion of blindness
  r - a potion of hallucination
  h - 3 potions of healing
  v - a potion of oil
  L - a potion of sickness
  d - 4 potions of holy water
 Rings    ('=')
  G - a ring of free action
  k - a ring of searching
 Wands    ('/')
  n - a wand of create monster (0:15)
  s - a wand of light (0:14)
 Tools    ('(')
  o - a +0 pick-axe
  t - a skeleton key
  z - a skeleton key
 Gems/Stones  ('*')
  I - an aquamarine stone named hard
  y - an opal named soft

Eymerich the Priest's attributes:

Background:
 You were an Adept, a level 6 elven Priest.
 You were chaotic, on a mission for Anshar
 who was opposed by Anu (lawful) and Ishtar (neutral).
 You were left-handed.
 You were in the Dungeons of Doom, on level 5.
 You entered the dungeon 6325 turns ago.
 You had 385 experience points, 255 more were needed to attain level 7.

Basics:
 You had 0 out of 46 hit points.
 You had all 73 energy points (spell power).
 Your armor class was 6.
 Your wallet contained 888 zorkmids.
 Autopickup was off.

Final Characteristics:
 Your strength was 11 (limit:18).
 Your dexterity was 13 (limit:18).
 Your constitution was 16 (limit:16).
 Your intelligence was 9 (limit:20).
 Your wisdom was 19 (peak:20, limit:20).
 Your charisma was 9 (limit:18).

Final Status:
 You were hungry.
 You were burdened; movement was slightly slowed.
 You were wielding a mace.
 You had basic skill with mace and could have enhanced that.

Final Attributes:
 You were piously aligned.
 Your items were somewhat protected from fire.
 Your items were somewhat protected from cold.
 You were sleep resistant.
 You had infravision.
 You were warded.
 You are dead.

Miscellaneous:
 You didn't encounter any bones levels.
 Total elapsed playing time was 1 hour, 19 minutes and 13 seconds.

Major events:
 Turn
    1: Eymerich the chaotic elven Priest entered the dungeon
  939: attained the rank of Acolyte (level 3)
 2047: entered the Gnomish Mines
 5489: attained the rank of Adept (level 6)
 6325: killed by a rabid rat

Spells:
 Name                 Level Category     Fail Retention
 detect monsters        1   divination     0%   51%-75%
 light                  1   clerical       0%   61%-70%
 healing                1   healing        0%  76%-100%
 clairvoyance           3   divination    81%  76%-100%

Skills:
 Fighting Skills
   bare handed combat [Unskilled]
 Weapon Skills
   club               [Unskilled]
   mace               [Basic]
   morning star       [Unskilled]
   flail              [Unskilled]
   hammer             [Unskilled]
   quarterstaff       [Unskilled]
   polearms           [Unskilled]
   spear              [Unskilled]
   trident            [Unskilled]
   lance              [Unskilled]
   bow                [Unskilled]
   sling              [Unskilled]
   crossbow           [Unskilled]
   dart               [Unskilled]
   shuriken           [Unskilled]
   boomerang          [Unskilled]
   unicorn horn       [Unskilled]
 Spellcasting Skills
   healing spells     [Unskilled]
   divination spells  [Unskilled]
   clerical spells    [Basic]

Voluntary challenges:
 Character rerolling was not enabled.
 You never genocided any monsters.
 You never polymorphed an object.
 You never changed form.
 You used no wishes.
Achievements:
 You entered a shop.
 You attained the rank of Acolyte.
 You entered the Gnomish Mines.
 You attained the rank of Adept.

 The Dungeons of Doom: levels 1 to 5
    Level 1:
       A fountain.
    Level 2:
       A general store, many fountains.
       Stairs down to The Gnomish Mines.
    Level 3:
       A general store.
    Level 4: "chest 6 items"
       An altar, a fountain.
    Level 5: <- You were here.
       A ring shop, a fountain.
       Final resting place for
          you, killed by a rabid rat.
 The Gnomish Mines:
    Level 3:


Vanquished creatures:
  a small mimic
  3 Uruk-hai
  a rock piercer
  3 rock moles
  a fog cloud
  2 gnome leaders
  2 gray oozes
 an elf zombie
  a giant ant
  a little dog
  2 floating eyes
  5 dwarves
  a homunculus
  2 kobold leaders
  a rothe
  3 giant bats
  2 dwarf zombies
  a wererat
  a werejackal
  5 iguanas
  3 acid blobs
  a gas spore
  2 hobbits
  a large kobold
  3 hobgoblins
  2 giant rats
  6 cave spiders
  a green mold
  a red mold
  5 gnomes
  2 garter snakes
  2 gnome zombies
  3 geckos
 10 jackals
  a fox
  4 kobolds
  a goblin
  2 sewer rats
  4 grid bugs
  a bat
  5 lichens
  a kobold zombie
 11 newts
111 creatures vanquished.

No species were genocided or became extinct.

Game over:
                       ----------
                      /          \
                     /    REST    \
                    /      IN      \
                   /     PEACE      \
                  /                  \
                  |     Eymerich     |
                  |      888 Au      |
                  |   killed by a    |
                  |    rabid rat     |
                  |                  |
                  |                  |
                  |       2026       |
                 *|     *  *  *      | *
        _________)/\\_//(\/(/\)/\//\/|_)_______

Goodbye Eymerich the Priest...

You died in The Dungeons of Doom on dungeon level 5 with 2560 points,
and 888 pieces of gold, after 6325 moves.
You were level 6 with a maximum of 46 hit points when you died.

